 Dungeon Crawl Stone Soup version 0.29.0-4-gdea44cf6ec (webtiles) character file.

Game seed: 2721096926907465643

67 qw the Chopper (level 4, 0/26 HPs)
             Began as a Tengu Warper on Aug 28, 2022.
             Slain by an orc wizard
             ... wielding a +0 dagger
              (3 damage)
             ... on level 3 of the Dungeon.
             The game lasted 00:00:11 (1847 turns).

qw the Chopper (Tengu Warper)                       Turns: 1847, Time: 00:00:12

Health: 0/26       AC:  7    Str: 14    XL:     4   Next: 16%
Magic:  8/8        EV: 12    Int: 13    God:
Gold:   63         SH:  0    Dex: 13    Spells: 7/7 levels left

rFire   . . .      SeeInvis .   Y - +0 hand axe
rCold   . . .      Faith    .   (no shield)
rNeg    . . .      Spirit   .   b - +0 leather armour
rPois   +          Reflect  .   (helmet restricted)
rElec   .          Harm     .   (no cloak)
rCorr   .          Rampage  .   (no gloves)
Will    .....                   (boots unavailable)
Stlth   +.........              (no amulet)
HPRegen 0.08/turn               f - +4 ring of protection
MPRegen 0.11/turn               g - ring of poison resistance

@: lethally poisoned (0 -> -11)
A: beak, talons 3
a: no special abilities


You were on level 3 of the Dungeon.
You visited 1 branch of the dungeon, and saw 3 of its levels.

You collected 63 gold pieces.


Innate Abilities, Weirdness & Mutations

You have a beak for a mouth.
You have claws for feet.


   Skills:
 - Level 2.0 Fighting
 + Level 4.7 Axes
 - Level 1.0 Throwing
 - Level 1.1 Armour
 - Level 2.1 Dodging
 - Level 2.0 Spellcasting
 - Level 2.4 Translocations


You had 7 spell levels left.
You didn't know any spells.
Your spell library contained the following spells:

 Spells                   Type           Power      Damage    Failure   Level
 Blink                    Tloc           14%        N/A       19%         2
 Gell's Gravitas          Tloc           7%         N/A       34%         3
 Lesser Beckoning         Tloc           7%         N/A       34%         3
 Teleport Other           Tloc           7%         N/A       34%         3
 Manifold Assault         Tloc           7%         N/A       97%         5

Inventory:

Hand Weapons
 j - a +0 whip
 Y - a +0 hand axe (weapon)
Missiles
 d - a javelin (quivered)
Armour
 b - a +0 leather armour (worn)
Jewellery
 f - a +4 ring of protection (left hand)
 g - a ring of poison resistance (right hand)
 k - a ring of ice
Scrolls
 a - a scroll of identify
Potions
 c - a potion of heal wounds
 i - a potion of curing {unknown}

Dungeon Overview and Level Annotations

Branches:
Dungeon (3/15)

Altars:

Shops:
D:1 (


Message History

The water moccasin hisses angrily.
The javelin pierces through the water moccasin.
The water moccasin is lightly wounded.
You hear a shout!
An orc wizard comes into view. It is wielding a +0 dagger.
An orc comes into view. It is wielding a +0 club.
Found an escape hatch in the floor.
The orc wizard shouts!
An orc comes into view. It is wielding a +0 mace.
An orc comes into view. It is wielding a +0 club.
The water moccasin bites you.
You barely miss the water moccasin.
The water moccasin is lightly wounded.
The water moccasin bites you!
An orc comes into view. It is wielding a +0 dagger.
The water moccasin closely misses you.
You miss the water moccasin.
The orc shouts!
Your kick misses the water moccasin. Your peck misses the water moccasin.
The water moccasin is lightly wounded.
The water moccasin bites you.
You are lethally poisoned!
The water moccasin poisons you!
You miss the water moccasin. Your kick misses the water moccasin.
The water moccasin is lightly wounded.
You barely miss the orc wizard.
You feel very sick. The water moccasin misses you.
The orc wizard gestures wildly while chanting.
The orc wizard flickers and vanishes!
Deactivating autopickup; reactivate with Ctrl-A.
The water moccasin barely misses you.
You closely miss the water moccasin.
You claw the water moccasin, but do no damage.
The water moccasin is lightly wounded.
You hit the orc. You closely miss something.
You feel very sick. The orc closely misses you. Something hits you.
The water moccasin closely misses you. Something hits you.
You die...

#######
#......##
........##
.........#
.........#
.........#
.......@.#
......{So#
.......o##
......oo.
.........
......(..#
.....>...#
.........#


You could see a water moccasin and 4 orcs.

Vanquished Creatures
  3 adders (D:2)
  An orc (D:3)
  A ball python (D:1)
  5 bats
  An endoplasm (D:1)
  A giant cockroach (D:1)
  5 goblins
  7 hobgoblins
  A quokka (D:2)
  3 frilled lizards
  2 kobolds
  7 rats
37 creatures vanquished.

Notes
Turn   | Place    | Note
-------+----------+-------------------------------------------
     0 | D:1      | qw the Tengu Warper began the quest for the Orb.
     0 | D:1      | Reached XP level 1. HP: 12/12 MP: 4/4
     0 | D:1      | 0 ||| qw: Version: 0.1-a-89-g26bdef1
     0 | D:1      | 0 ||| qw: Game counter: 76
     0 | D:1      | 0 ||| qw: Always use a shield: true
     0 | D:1      | 0 ||| qw: God list: Okawaru
     0 | D:1      | 0 ||| qw: Allow faded altars: false
     0 | D:1      | 0 ||| qw: Do Orc after D:15 true
     0 | D:1      | 0 ||| qw: Do second Lair branch before Depths: true
     0 | D:1      | 0 ||| qw: Lair rune preference: random
     0 | D:1      | 0 ||| qw: Plans: Normal
     0 | D:1      | 0 ||| PLANNING D:1-11
   106 | D:1      | Found Ugoroula's Antique Weapon Shop.
   123 | D:1      | Reached skill level 3 in Axes
   123 | D:1      | Reached XP level 2. HP: 13/17 MP: 6/6
   242 | D:1      | 242 ||| SHOPLISTING mace (84 gold, have 3).
   242 | D:1      | 242 ||| SHOPLISTING war axe (98 gold, have 3).
   384 | D:1      | Found a faded altar of an unknown god.
   498 | D:1      | 498 ||| DROPPING +0 club.
   910 | D:1      | 910 ||| UPGRADING to +4 ring of protection.
   911 | D:1      | 911 ||| READING 3 scrolls labelled KUAHEO YSMER.
   912 | D:1      | 912 ||| READING scroll labelled NOMYHO FUGARCH.
   913 | D:1      | 913 ||| READING scroll labelled WYNEOLA JODUGGOESM.
   914 | D:1      | 914 ||| READING 2 scrolls of identify.
   914 | D:1      | 914 ||| IDENTIFYING bubbling orange potion
   915 | D:1      | 915 ||| DROPPING scroll of blinking.
   916 | D:1      | 916 ||| DROPPING potion of lignification.
   945 | D:2      | Reached skill level 4 in Axes
   945 | D:2      | Reached XP level 3. HP: 21/21 MP: 7/7
  1004 | D:2      | 1004 ||| Stepping ~*~*~tactically~*~*~ (stealth).
  1018 | D:2      | 1018 ||| Stepping ~*~*~tactically~*~*~ (stealth).
  1039 | D:2      | 1039 ||| Stepping ~*~*~tactically~*~*~ (stealth).
  1040 | D:2      | 1040 ||| Stepping ~*~*~tactically~*~*~ (stealth).
  1258 | D:2      | 1258 ||| Stepping ~*~*~tactically~*~*~ (stealth).
  1541 | D:2      | Reached XP level 4. HP: 20/26 MP: 8/8
  1614 | D:2      | 1614 ||| UPGRADING to ring of poison resistance.
  1615 | D:2      | 1615 ||| READING scroll labelled SIEMONI FOVOBB.
  1616 | D:2      | 1616 ||| READING scroll labelled OCKELIZIC.
  1617 | D:2      | 1617 ||| READING 2 scrolls of identify.
  1617 | D:2      | 1617 ||| IDENTIFYING grey potion
  1645 | D:2      | 1645 ||| Stepping randomly (stuck).
  1710 | D:3      | 1710 ||| FLEEEEING.
  1711 | D:3      | 1711 ||| FLEEEEING.
  1712 | D:3      | 1712 ||| FLEEEEING.
  1713 | D:3      | 1713 ||| FLEEEEING.
  1723 | D:3      | 1723 ||| STAIRDANCE
  1840 | D:3      | Noticed a water moccasin
  1847 | D:3      | HP: 5/26 [poisoned by a water moccasin]
  1847 | D:3      | Slain by an orc wizard

Levels and vault maps discovered:
D:1:      reono_arrival_forest_river, layout_loops_ring, serial_shops,
          shop_fountains, basic_ecumenical_altar
D:2:      layout_basic
D:3:      layout_rooms, grunt_temple_overflow_open, grunt_ministairs_1,
          chequers_avenue

Skill      XL: |  1  2 |
---------------+-------+-----
Axes           | 3 4 |  4.7
Fighting       | |  2.0
Throwing       | |  1.0
Armour         | |  1.1
Dodging        | |  2.1
Spellcasting   | |  2.0
Translocations | |  2.4

Action                   |  1- 3 |  4- 6 || total
-------------------------+-------+-------++-------
Melee: Hand axe          |    74 |    13 ||    87
       Kick              |    16 |     1 ||    17
       Peck              |    11 |     1 ||    12
Throw: Boomerang         |     7 |       ||     7
       Javelin           |       |     1 ||     1
  Use: Scroll            |     4 |     3 ||     7
Armor: Leather armour    |    31 |     2 ||    33
Dodge: Dodged            |    51 |    11 ||    62

Table legend:
 A = Non-vault XP
 B = Vault XP
 C = Vault XP percentage of total XP
 D = Non-vault monster count
 E = Vault monster count
 F = Vault count percentage of total count
                 A         B        C        D         E       F
            +---------+---------+-------+---------+---------+-------
      Total |      96 |       0 |   0.0 |      37 |       0 |   0.0
            +---------+---------+-------+---------+---------+-------
        D:1 |      31 |       0 |   0.0 |      19 |       0 |   0.0
        D:2 |      58 |       0 |   0.0 |      15 |       0 |   0.0
        D:3 |       7 |       0 |   0.0 |       3 |       0 |   0.0
            +---------+---------+-------+---------+---------+-------
